Workbook

Sheet General Ledger
A1: Account | B1: Description | C1: Period | D1: Posted Date | E1: Transaction Source | F1: ## | G1: Amount
A2: 5000 - Salary and wages | B2: Salary for Financial Controller Fixed Fee contract | C2: 45839 | D2: 45853 | E2: PR | F2: 1 | G2: 10000
A3: 5000 - Salary and wages | B3: Salary for Financial Controller Fixed Fee contract | C3: 45870 | D3: 45891 | E3: PR | F3: 2 | G3: 10000
A4: 5000 - Salary and wages | B4: Salary for Financial Controller Fixed Fee contract | C4: 45901 | D4: 45915 | E4: PR | F4: 3 | G4: 10000
A5: 5000 - Salary and wages | B5: Salary for Financial Controller Fixed Fee contract | C5: 45931 | D5: 45945 | E5: PR | F5: 4 | G5: 10000
A6: 5000 - Salary and wages | B6: Salary for Financial Analyst Fixed Fee contract | C6: 45839 | D6: 45853 | E6: PR | F6: 5 | G6: 5000
A7: 5000 - Salary and wages | B7: Salary for Financial Analyst Fixed Fee contract | C7: 45870 | D7: 45891 | E7: PR | F7: 6 | G7: 5000
A8: 5000 - Salary and wages | B8: Salary for Financial Analyst Fixed Fee contract | C8: 45901 | D8: 45915 | E8: PR | F8: 7 | G8: 5000
A9: 5000 - Salary and wages | B9: Salary for Financial Analyst Fixed Fee contract | C9: 45931 | D9: 45945 | E9: PR | F9: 8 | G9: 5000
A10: 1000-Marketing Expenses | B10: Cost for LinkedIn Sales Navigator | C10: 45839 | D10: 45853 | E10: PR | F10: 9 | G10: 5000
A11: 1000-Marketing Expenses | B11: Cost for LinkedIn Sales Navigator | C11: 45870 | D11: 45891 | E11: PR | F11: 10 | G11: 5000
A12: 1000-Marketing Expenses | B12: Cost for LinkedIn Sales Navigator | C12: 45901 | D12: 45915 | E12: PR | F12: 11 | G12: 5000

Sheet Bank Statement
A1: Bank Account | B1: Period | C1: Posted | D1: Text | E1: Currency | F1: Bank account amt
A2: Barclays Business Bank Account | B2: Jul/2025 | C2: 45869 | D2: Salary Payment-John Smith | E2: GBP | F2: 5000
A3: Barclays Business Bank Account | B3: Aug/2025 | C3: =C2+30 -> 45899 | D3: Salary Payment-John Smith | E3: GBP | F3: 7000
A4: Barclays Business Bank Account | B4: Sep/2025 | C4: =C3+30 -> 45929 | D4: Salary Payment-John Smith | E4: GBP | F4: 3000
A5: Barclays Business Bank Account | B5: Oct/2025 | C5: =C4+30 -> 45959 | D5: Salary Payment-John Smith | E5: GBP | F5: 12000
A6: Barclays Business Bank Account | B6: Jul/2025 | C6: 45869 | D6: Salary Payment-Jane Meadows | E6: GBP | F6: 2000
A7: Barclays Business Bank Account | B7: Aug/2025 | C7: =C6+30 -> 45899 | D7: Salary Payment-Jane Meadows | E7: GBP | F7: 10000
A8: Barclays Business Bank Account | B8: Sep/2025 | C8: =C7+30 -> 45929 | D8: Salary Payment-Jane Meadows | E8: GBP | F8: 8000
A9: Barclays Business Bank Account | B9: Oct/2025 | C9: =C8+30 -> 45959 | D9: Salary Payment-Jane Meadows | E9: GBP | F9: 6000

Sheet Staff List
A1: First Name | B1: Surname | C1: Personnel No | D1: Role | E1: Company Code | F1: Cost Centre
A2: John | B2: Smith | C2: 45556 | D2: Financial Controller | E2: 1034 | F2: 14020
A3: Jane | B3: Meadows | C3: 78543 | D3: Financial Analyst | E3: 1020 | F3: 13010

Sheet Calcs
I1: Contractual Payment (GL) | N1: Actual Payment (Bank) | S1: Difference
A3: First Name | B3: Surname | C3: Personnel No | D3: Role | E3: Company Code | F3: Cost Centre | H3: Combo | I3: Jul/2025 | J3: Aug/2025 | K3: Sep/2025 | L3: Oct/2025 | N3: Jul/2025 | O3: Aug/2025 | P3: Sep/2025 | Q3: Oct/2025 | S3: Jul/2025 | T3: Aug/2025 | U3: Sep/2025 | V3: Oct/2025
A4: {=tblStaffList[]} -> John | B4: Smith | C4: 45556 | D4: Financial Controller | E4: 1034 | F4: 14020 | H4: =E4&"_"&F4 -> 1034_14020 | I4: =SUMIFS(tblGeneralLedger[Amount],tblGeneralLedger[Period],Calcs!I$3,tblGeneralLedger[Description],"Salary for " & $D4 & "*") -> 10000 | J4: =SUMIFS(tblGeneralLedger[Amount],tblGeneralLedger[Period],Calcs!J$3,tblGeneralLedger[Description],"Salary for " & $D4 & "*") -> 10000 | K4: =SUMIFS(tblGeneralLedger[Amount],tblGeneralLedger[Period],Calcs!K$3,tblGeneralLedger[Description],"Salary for " & $D4 & "*") -> 10000 | L4: =SUMIFS(tblGeneralLedger[Amount],tblGeneralLedger[Period],Calcs!L$3,tblGeneralLedger[Description],"Salary for " & $D4 & "*") -> 10000 | N4: =SUMIFS(tblBankStatement[Bank account amt],tblBankStatement[Period],N$3,tblBankStatement[Text],"Salary Payment-" & $A4 & " " & $B4) -> 5000 | O4: =SUMIFS(tblBankStatement[Bank account amt],tblBankStatement[Period],O$3,tblBankStatement[Text],"Salary Payment-" & $A4 & " " & $B4) -> 7000 | P4: =SUMIFS(tblBankStatement[Bank account amt],tblBankStatement[Period],P$3,tblBankStatement[Text],"Salary Payment-" & $A4 & " " & $B4) -> 3000 | Q4: =SUMIFS(tblBankStatement[Bank account amt],tblBankStatement[Period],Q$3,tblBankStatement[Text],"Salary Payment-" & $A4 & " " & $B4) -> 12000 | S4: =I4-N4 -> 5000 | T4: =J4-O4 -> 3000 | U4: =K4-P4 -> 7000 | V4: =L4-Q4 -> -2000
A5: Jane | B5: Meadows | C5: 78543 | D5: Financial Analyst | E5: 1020 | F5: 13010 | H5: =E5&"_"&F5 -> 1020_13010 | I5: =SUMIFS(tblGeneralLedger[Amount],tblGeneralLedger[Period],Calcs!I$3,tblGeneralLedger[Description],"Salary for " & $D5 & "*") -> 5000 | J5: =SUMIFS(tblGeneralLedger[Amount],tblGeneralLedger[Period],Calcs!J$3,tblGeneralLedger[Description],"Salary for " & $D5 & "*") -> 5000 | K5: =SUMIFS(tblGeneralLedger[Amount],tblGeneralLedger[Period],Calcs!K$3,tblGeneralLedger[Description],"Salary for " & $D5 & "*") -> 5000 | L5: =SUMIFS(tblGeneralLedger[Amount],tblGeneralLedger[Period],Calcs!L$3,tblGeneralLedger[Description],"Salary for " & $D5 & "*") -> 5000 | N5: =SUMIFS(tblBankStatement[Bank account amt],tblBankStatement[Period],N$3,tblBankStatement[Text],"Salary Payment-" & $A5 & " " & $B5) -> 2000 | O5: =SUMIFS(tblBankStatement[Bank account amt],tblBankStatement[Period],O$3,tblBankStatement[Text],"Salary Payment-" & $A5 & " " & $B5) -> 10000 | P5: =SUMIFS(tblBankStatement[Bank account amt],tblBankStatement[Period],P$3,tblBankStatement[Text],"Salary Payment-" & $A5 & " " & $B5) -> 8000 | Q5: =SUMIFS(tblBankStatement[Bank account amt],tblBankStatement[Period],Q$3,tblBankStatement[Text],"Salary Payment-" & $A5 & " " & $B5) -> 6000 | S5: =I5-N5 -> 3000 | T5: =J5-O5 -> -5000 | U5: =K5-P5 -> -3000 | V5: =L5-Q5 -> -1000

Sheet Journal
I2: Workings
A3: Journal
I4: Total Amount
A5: Income Statement Accounts
A7: Period | B7: Company | C7: Cost Centre | D7: Account | E7: Account Description | F7: Debit | G7: Credit
A8: 45839 | B8: 1034 | C8: 14020 | D8: =IF(I8>0,30910,20100) -> 30910 | E8: =IF(I8>0,"Accrued Salary Cost","Salary Overpayment Credit") -> Accrued Salary Cost | F8: =IF(I8>0,I8,0) -> 5000 | G8: =IF(I8>0,0,ABS(I8)) -> 0 | I8: =SUM(INDEX(Calcs!S:V,MATCH(Journal!B8&"_"&Journal!C8,Calcs!H:H,0),MATCH(TEXT(A8,"MMM/yyyy"),Calcs!S$3:V$3,0))) -> 5000
A9: 45870 | B9: 1034 | C9: 14020 | D9: =IF(I9>0,30910,20100) -> 30910 | E9: =IF(I9>0,"Accrued Salary Cost","Salary Overpayment Credit") -> Accrued Salary Cost | F9: =IF(I9>0,I9,0) -> 3000 | G9: =IF(I9>0,0,ABS(I9)) -> 0 | I9: =SUM(INDEX(Calcs!S:V,MATCH(Journal!B9&"_"&Journal!C9,Calcs!H:H,0),MATCH(TEXT(A9,"MMM/yyyy"),Calcs!S$3:V$3,0))) -> 3000
A10: 45901 | B10: 1034 | C10: 14020 | D10: =IF(I10>0,30910,20100) -> 30910 | E10: =IF(I10>0,"Accrued Salary Cost","Salary Overpayment Credit") -> Accrued Salary Cost | F10: =IF(I10>0,I10,0) -> 7000 | G10: =IF(I10>0,0,ABS(I10)) -> 0 | I10: =SUM(INDEX(Calcs!S:V,MATCH(Journal!B10&"_"&Journal!C10,Calcs!H:H,0),MATCH(TEXT(A10,"MMM/yyyy"),Calcs!S$3:V$3,0))) -> 7000
A11: 45931 | B11: 1034 | C11: 14020 | D11: =IF(I11>0,30910,20100) -> 20100 | E11: =IF(I11>0,"Accrued Salary Cost","Salary Overpayment Credit") -> Salary Overpayment Credit | F11: =IF(I11>0,I11,0) -> 0 | G11: =IF(I11>0,0,ABS(I11)) -> 2000 | I11: =SUM(INDEX(Calcs!S:V,MATCH(Journal!B11&"_"&Journal!C11,Calcs!H:H,0),MATCH(TEXT(A11,"MMM/yyyy"),Calcs!S$3:V$3,0))) -> -2000
A12: 45839 | B12: 1020 | C12: 13010 | D12: =IF(I12>0,30910,20100) -> 30910 | E12: =IF(I12>0,"Accrued Salary Cost","Salary Overpayment Credit") -> Accrued Salary Cost | F12: =IF(I12>0,I12,0) -> 3000 | G12: =IF(I12>0,0,ABS(I12)) -> 0 | I12: =SUM(INDEX(Calcs!S:V,MATCH(Journal!B12&"_"&Journal!C12,Calcs!H:H,0),MATCH(TEXT(A12,"MMM/yyyy"),Calcs!S$3:V$3,0))) -> 3000
A13: 45870 | B13: 1020 | C13: 13010 | D13: =IF(I13>0,30910,20100) -> 20100 | E13: =IF(I13>0,"Accrued Salary Cost","Salary Overpayment Credit") -> Salary Overpayment Credit | F13: =IF(I13>0,I13,0) -> 0 | G13: =IF(I13>0,0,ABS(I13)) -> 5000 | I13: =SUM(INDEX(Calcs!S:V,MATCH(Journal!B13&"_"&Journal!C13,Calcs!H:H,0),MATCH(TEXT(A13,"MMM/yyyy"),Calcs!S$3:V$3,0))) -> -5000
A14: 45901 | B14: 1020 | C14: 13010 | D14: =IF(I14>0,30910,20100) -> 20100 | E14: =IF(I14>0,"Accrued Salary Cost","Salary Overpayment Credit") -> Salary Overpayment Credit | F14: =IF(I14>0,I14,0) -> 0 | G14: =IF(I14>0,0,ABS(I14)) -> 3000 | I14: =SUM(INDEX(Calcs!S:V,MATCH(Journal!B14&"_"&Journal!C14,Calcs!H:H,0),MATCH(TEXT(A14,"MMM/yyyy"),Calcs!S$3:V$3,0))) -> -3000
A15: 45931 | B15: 1020 | C15: 13010 | D15: =IF(I15>0,30910,20100) -> 20100 | E15: =IF(I15>0,"Accrued Salary Cost","Salary Overpayment Credit") -> Salary Overpayment Credit | F15: =IF(I15>0,I15,0) -> 0 | G15: =IF(I15>0,0,ABS(I15)) -> 1000 | I15: =SUM(INDEX(Calcs!S:V,MATCH(Journal!B15&"_"&Journal!C15,Calcs!H:H,0),MATCH(TEXT(A15,"MMM/yyyy"),Calcs!S$3:V$3,0))) -> -1000
A19: Balance Sheet Accounts
A21: Period | B21: Company | C21: Cost Centre | D21: Account | E21: Account Description | F21: Debit | G21: Credit
A22: 45839 | B22: 1034 | C22: 14020 | D22: =IF(I22>0,40722,50102) -> 40722 | E22: =IF(I22>0,"Unpaid Salary Accrual","Salary Overpayment Prepayment") -> Unpaid Salary Accrual | F22: =IF(J22="IS",IF(I22>0,I22,0),IF(I22>0,0,ABS(I22))) -> 0 | G22: =IF(J22="IS",IF(I22>0,0,ABS(I22)),IF(I22>0,ABS(I22),0)) -> 5000 | I22: =SUM(INDEX(Calcs!S:V,MATCH(Journal!B22&"_"&Journal!C22,Calcs!H:H,0),MATCH(TEXT(A22,"MMM/yyyy"),Calcs!S$3:V$3,0))) -> 5000
A23: 45870 | B23: 1034 | C23: 14020 | D23: =IF(I23>0,40722,50102) -> 40722 | E23: =IF(I23>0,"Unpaid Salary Accrual","Salary Overpayment Prepayment") -> Unpaid Salary Accrual | F23: =IF(J23="IS",IF(I23>0,I23,0),IF(I23>0,0,ABS(I23))) -> 0 | G23: =IF(J23="IS",IF(I23>0,0,ABS(I23)),IF(I23>0,ABS(I23),0)) -> 3000 | I23: =SUM(INDEX(Calcs!S:V,MATCH(Journal!B23&"_"&Journal!C23,Calcs!H:H,0),MATCH(TEXT(A23,"MMM/yyyy"),Calcs!S$3:V$3,0))) -> 3000
A24: 45901 | B24: 1034 | C24: 14020 | D24: =IF(I24>0,40722,50102) -> 40722 | E24: =IF(I24>0,"Unpaid Salary Accrual","Salary Overpayment Prepayment") -> Unpaid Salary Accrual | F24: =IF(J24="IS",IF(I24>0,I24,0),IF(I24>0,0,ABS(I24))) -> 0 | G24: =IF(J24="IS",IF(I24>0,0,ABS(I24)),IF(I24>0,ABS(I24),0)) -> 7000 | I24: =SUM(INDEX(Calcs!S:V,MATCH(Journal!B24&"_"&Journal!C24,Calcs!H:H,0),MATCH(TEXT(A24,"MMM/yyyy"),Calcs!S$3:V$3,0))) -> 7000
A25: 45931 | B25: 1034 | C25: 14020 | D25: =IF(I25>0,40722,50102) -> 50102 | E25: =IF(I25>0,"Unpaid Salary Accrual","Salary Overpayment Prepayment") -> Salary Overpayment Prepayment | F25: =IF(J25="IS",IF(I25>0,I25,0),IF(I25>0,0,ABS(I25))) -> 2000 | G25: =IF(J25="IS",IF(I25>0,0,ABS(I25)),IF(I25>0,ABS(I25),0)) -> 0 | I25: =SUM(INDEX(Calcs!S:V,MATCH(Journal!B25&"_"&Journal!C25,Calcs!H:H,0),MATCH(TEXT(A25,"MMM/yyyy"),Calcs!S$3:V$3,0))) -> -2000
A26: 45839 | B26: 1020 | C26: 13010 | D26: =IF(I26>0,40722,50102) -> 40722 | E26: =IF(I26>0,"Unpaid Salary Accrual","Salary Overpayment Prepayment") -> Unpaid Salary Accrual | F26: =IF(J26="IS",IF(I26>0,I26,0),IF(I26>0,0,ABS(I26))) -> 0 | G26: =IF(J26="IS",IF(I26>0,0,ABS(I26)),IF(I26>0,ABS(I26),0)) -> 3000 | I26: =SUM(INDEX(Calcs!S:V,MATCH(Journal!B26&"_"&Journal!C26,Calcs!H:H,0),MATCH(TEXT(A26,"MMM/yyyy"),Calcs!S$3:V$3,0))) -> 3000
A27: 45870 | B27: 1020 | C27: 13010 | D27: =IF(I27>0,40722,50102) -> 50102 | E27: =IF(I27>0,"Unpaid Salary Accrual","Salary Overpayment Prepayment") -> Salary Overpayment Prepayment | F27: =IF(J27="IS",IF(I27>0,I27,0),IF(I27>0,0,ABS(I27))) -> 5000 | G27: =IF(J27="IS",IF(I27>0,0,ABS(I27)),IF(I27>0,ABS(I27),0)) -> 0 | I27: =SUM(INDEX(Calcs!S:V,MATCH(Journal!B27&"_"&Journal!C27,Calcs!H:H,0),MATCH(TEXT(A27,"MMM/yyyy"),Calcs!S$3:V$3,0))) -> -5000
A28: 45901 | B28: 1020 | C28: 13010 | D28: =IF(I28>0,40722,50102) -> 50102 | E28: =IF(I28>0,"Unpaid Salary Accrual","Salary Overpayment Prepayment") -> Salary Overpayment Prepayment | F28: =IF(J28="IS",IF(I28>0,I28,0),IF(I28>0,0,ABS(I28))) -> 3000 | G28: =IF(J28="IS",IF(I28>0,0,ABS(I28)),IF(I28>0,ABS(I28),0)) -> 0 | I28: =SUM(INDEX(Calcs!S:V,MATCH(Journal!B28&"_"&Journal!C28,Calcs!H:H,0),MATCH(TEXT(A28,"MMM/yyyy"),Calcs!S$3:V$3,0))) -> -3000
A29: 45931 | B29: 1020 | C29: 13010 | D29: =IF(I29>0,40722,50102) -> 50102 | E29: =IF(I29>0,"Unpaid Salary Accrual","Salary Overpayment Prepayment") -> Salary Overpayment Prepayment | F29: =IF(J29="IS",IF(I29>0,I29,0),IF(I29>0,0,ABS(I29))) -> 1000 | G29: =IF(J29="IS",IF(I29>0,0,ABS(I29)),IF(I29>0,ABS(I29),0)) -> 0 | I29: =SUM(INDEX(Calcs!S:V,MATCH(Journal!B29&"_"&Journal!C29,Calcs!H:H,0),MATCH(TEXT(A29,"MMM/yyyy"),Calcs!S$3:V$3,0))) -> -1000
A32: Combined | E32: Check | F32: =SUM(F36:F51) -> 29000 | G32: =SUM(G36:G51) -> 29000 | H32: =F32=G32 -> TRUE
A35: Period | B35: Company | C35: Cost Centre | D35: Account | E35: Account Description | F35: Debit | G35: Credit
A36: 45839 | B36: 1034 | C36: 14020 | D36: 30910 | E36: Accrued Salary Cost | F36: 5000 | G36: 0
A37: 45870 | B37: 1034 | C37: 14020 | D37: 30910 | E37: Accrued Salary Cost | F37: 3000 | G37: 0
A38: 45901 | B38: 1034 | C38: 14020 | D38: 30910 | E38: Accrued Salary Cost | F38: 7000 | G38: 0
A39: 45931 | B39: 1034 | C39: 14020 | D39: 20100 | E39: Salary Overpayment Credit | F39: 0 | G39: 2000
A40: 45839 | B40: 1020 | C40: 13010 | D40: 30910 | E40: Accrued Salary Cost | F40: 3000 | G40: 0
A41: 45870 | B41: 1020 | C41: 13010 | D41: 20100 | E41: Salary Overpayment Credit | F41: 0 | G41: 5000
A42: 45901 | B42: 1020 | C42: 13010 | D42: 20100 | E42: Salary Overpayment Credit | F42: 0 | G42: 3000
A43: 45931 | B43: 1020 | C43: 13010 | D43: 20100 | E43: Salary Overpayment Credit | F43: 0 | G43: 1000
A44: 45839 | B44: 1034 | C44: 14020 | D44: 40722 | E44: Unpaid Salary Accrual | F44: 0 | G44: 5000
A45: 45870 | B45: 1034 | C45: 14020 | D45: 40722 | E45: Unpaid Salary Accrual | F45: 0 | G45: 3000
A46: 45901 | B46: 1034 | C46: 14020 | D46: 40722 | E46: Unpaid Salary Accrual | F46: 0 | G46: 7000
A47: 45931 | B47: 1034 | C47: 14020 | D47: 50102 | E47: Salary Overpayment Prepayment | F47: 2000 | G47: 0
... A51: 45931 | B51: 1020 | C51: 13010 | D51: 50102 | E51: Salary Overpayment Prepayment | F51: 1000 | G51: 0
